Map: Dusk Towers

Players

Miszu - Winner!

  • Race: Terran Terran
  • League: Master

TRiLoBiT

  • Race: Zerg Zerg
  • League: Master

VOD

Have the link to the VOD?

Description

Time

  • Played on: June 27, 2016, 5:20 p.m.
  • Length: 10:47
Show
View Real Time Build Order
Export as new Build Order

Miszu Terran - Winner!

Build Orders: Reaper Expand, MMM Bio 

Get SALT Encoding   

  12  0:01  SCV  
  13  0:14  SCV  
  14  0:18  Supply Depot  
  14  0:26  SCV  
  15  0:39  SCV  
  16  0:43  Barracks  
  16  0:46  Refinery  
  16  0:52  SCV  
  17  1:04  SCV  
  18  1:16  SCV  
  19  1:30  Orbital Command  
  19  1:31  Reaper  
  20  1:39  Command Center  
  20  1:47  Supply Depot  
  20  1:55  SCV  
  20  1:59  Refinery  
  21  2:04  Barracks Reactor  
  21  2:07  SCV  
  22  2:20  SCV  
  23  2:23  Factory  
  23  2:32  SCV  
  24  2:40  Marine x2  
  24  2:44  SCV  
  27  2:54  Orbital Command  
  27  2:56  SCV  
  27  2:58  Marine  
  29  2:59  Marine  
  30  3:08  SCV  
  30  3:09  Starport, Factory Reactor  
  31  3:15  Marine  
  31  3:17  Marine  
  34  3:20  SCV x2  
  35  3:32  SCV x2  
  35  3:33  Marine  
  37  3:35  Marine  
  37  3:38  Supply Depot  
  38  3:44  SCV  
  38  3:45  SCV  
  40  3:52  Widow Mine  
  40  3:53  Medivac  
  40  3:54  Medivac  
  46  4:00  Marine x2, SCV x2  
  46  4:02  Supply Depot  
  50  4:09  Command Center  
  50  4:12  SCV x2  
  50  4:13  Refinery  
  50  4:14  Refinery  
  52  4:17  Liberator x2  
  52  4:18  Marine x2  
  54  4:24  SCV x2  
  54  4:25  Supply Depot  
  62  4:42  Factory Tech Lab  
  62  4:46  SCV x2  
  62  4:47  Supply Depot  
  64  4:54  Marine x2  
  64  4:58  SCV x2  
  68  5:08  Siege Tank  
  68  5:10  SCV x2  
  73  5:16  Engineering Bay  
  73  5:17  Engineering Bay  
  73  5:19  Barracks  
  73  5:20  Barracks  
  73  5:23  SCV  
  74  5:28  SCV  
  74  5:29  Orbital Command  
  74  5:33  Liberator x2  
  75  5:40  Siege Tank  
  74  5:52  SCV x2, Orbital Command  
  82  5:58  Terran Infantry Weapons Level 1, Terran Infantry Armor Level 1  
  82  6:02  Barracks  
  82  6:03  Barracks  
  80  6:04  SCV  
  80  6:08  Barracks Tech Lab  
  80  6:09  Barracks Tech Lab  
  81  6:12  SCV  
  81  6:16  SCV  
  81  6:18  Marine x2  
  85  6:23  SCV  
  85  6:24  Barracks  
  86  6:26  Barracks  
  86  6:27  Barracks  
  86  6:29  Factory Reactor  
  86  6:30  Missile Turret  
  86  6:31  Supply Depot x2, SCV x2  
  88  6:35  SCV  
  88  6:43  SCV x2  
  89  6:49  Missile Turret  
  89  6:51  Stimpack, Combat Shields  
  89  6:55  Barracks Reactor  
  89  7:00  Missile Turret  
  89  7:01  Barracks Reactor, SCV x3, Armory  
  92  7:08  Supply Depot  
  92  7:13  SCV x3  
  92  7:15  Barracks Tech Lab x3  
  95  7:20  Medivac x2  
  95  7:22  Marauder x2  
  103  7:24  Marine x2  
  105  7:30  Refinery  
  105  7:33  Supply Depot  
  105  7:34  Supply Depot  
  102  7:37  Supply Depot  
  102  7:41  Marine x2  
  102  7:42  Marine x6, Marauder  
  102  7:43  Marine  
  113  7:48  Marine  
  113  7:49  Widow Mine  
  116  7:53  Concussive Shells  
  116  7:54  Widow Mine  
  116  7:57  Supply Depot  
  118  7:58  Supply Depot, Medivac  
  118  7:59  Marine x2, Medivac  
  118  8:01  Supply Depot, Terran Infantry Armor Level 2  
  124  8:06  Marine x3, Terran Infantry Weapons Level 2  
  124  8:08  Marauder  
  129  8:16  Marine, Marauder  
  129  8:17  Marauder  
  129  8:18  Marauder  
  136  8:23  Supply Depot  
  136  8:24  Supply Depot  
  136  8:28  Marauder  
  136  8:30  Marauder  
  140  8:52  Marine x9, Marauder x2  
  140  8:53  Medivac x2  
  140  8:55  Siege Tank  
  149  9:09  Marine  
  128  9:10  Marine x5  
  128  9:11  Marauder x3  
  128  9:13  Marine, Marauder  
  135  9:23  Medivac  
  137  9:27  Marine, Medivac  
  137  9:28  Marine x5  
  145  9:31  Marauder  
  145  9:32  Marine, Marauder x2  
  145  9:34  Marine  
  147  9:45  Marine  
  142  9:46  Marine x5  
  142  9:50  Marauder  
  142  9:52  Marine  
  152  9:53  Marine, Marauder  
  152  9:54  Marauder  
  152  10:03  Marine, Medivac, Siege Tank  
  157  10:10  Command Center  
  157  10:20  Supply Depot, Marine x7, Marauder x3  
  157  10:21  Supply Depot, Marine  
  172  10:23  Supply Depot  
Show
View Real Time Build Order
Export as new Build Order

TRiLoBiT Zerg 

Build Orders: Hatch First 

Get SALT Encoding   

  12  0:01  Drone  
  13  0:13  Overlord  
  13  0:18  Drone  
  14  0:32  Drone x2  
  16  0:36  Drone  
  17  0:52  Hatchery  
  16  0:58  Drone  
  16  1:00  Drone  
  16  1:02  Extractor  
  17  1:08  Drone  
  18  1:17  Spawning Pool  
  17  1:19  Drone  
  18  1:31  Drone  
  19  1:41  Overlord  
  19  1:55  Drone  
  20  2:04  Queen  
  20  2:05  Zergling x4  
  20  2:06  Metabolic Boost, Queen  
  26  2:13  Drone  
  27  2:18  Drone  
  28  2:24  Drone  
  28  2:26  Drone  
  30  2:36  Drone  
  31  2:39  Overlord  
  31  2:42  Queen  
  32  2:47  Lair  
  32  2:53  Overlord  
  32  2:54  Drone  
  33  2:59  Drone x2  
  35  3:10  Drone x2  
  37  3:14  Drone x3  
  37  3:17  Extractor  
  37  3:19  Extractor  
  38  3:22  Drone x4  
  38  3:26  Overlord  
  42  3:45  Hatchery  
  42  3:47  Drone  
  42  3:50  Spire  
  41  3:58  Drone  
  41  4:00  Baneling Nest  
  41  4:01  Drone x2  
  44  4:10  Drone x5  
  44  4:15  Zergling x4  
  50  4:22  Overlord  
  50  4:24  Zergling x4  
  52  4:27  Zergling x4  
  54  4:32  Zergling x2  
  54  4:33  Zergling x4  
  57  4:40  Zergling x4  
  57  4:44  Baneling x4  
  59  4:56  Drone x4  
  63  5:00  Extractor  
  63  5:04  Overlord  
  63  5:05  Drone  
  63  5:06  Drone x2  
  65  5:12  Mutalisk x2  
  69  5:16  Mutalisk  
  67  5:31  Mutalisk x2  
  67  5:32  Mutalisk x2  
  67  5:34  Spore Crawler  
  69  5:48  Drone  
  69  5:49  Zergling x2  
  70  5:50  Drone x6  
  74  5:59  Drone x2  
  74  6:00  Drone  
  77  6:06  Drone x4  
  77  6:09  Overlord x2  
  81  6:21  Roach Warren  
  81  6:23  Hatchery  
  81  6:24  Evolution Chamber  
  81  6:25  Drone x4, Evolution Chamber  
  81  6:27  Overlord  
  81  6:28  Extractor x2  
  81  6:29  Drone x2  
  81  6:35  Drone x4  
  85  6:43  Zerg Flyer Weapons Level 1  
  85  6:45  Drone x2  
  87  6:47  Overlord  
  87  7:00  Overlord  
  87  7:01  Overlord  
  87  7:02  Zerg Missile Weapons Level 1, Zerg Ground Armor Level 1  
  87  7:03  Glial Reconstitution  
  87  7:05  Roach  
  87  7:06  Roach x7  
  103  7:20  Overlord  
  103  7:21  Overlord  
  103  7:26  Roach  
  103  7:27  Roach x7  
  115  7:39  Roach x7  
  129  7:53  Overlord x2  
  129  7:54  Roach  
  129  7:55  Overlord x2, Roach x5  
  141  7:59  Spore Crawler  
  141  8:00  Spore Crawler  
  141  8:03  Spore Crawler  
  138  8:13  Roach  
  138  8:14  Roach x6  
  138  8:17  Overlord  
  152  8:22  Roach x4  
  160  8:31  Roach x4  
  168  8:38  Ravager x11  
  168  8:39  Ravager  
  180  8:41  Overlord  
  180  8:42  Overlord  
  180  8:44  Overlord  
  169  9:06  Roach x4  
  169  9:07  Roach x8  
  158  9:14  Roach  
  158  9:15  Roach x4  
  150  9:32  Ravager  
  150  9:33  Ravager x4  
  132  9:51  Drone x6  
  115  10:00  Roach x4  
  115  10:01  Roach x9  
  115  10:06  Roach  
  115  10:07  Roach x2  
  137  10:12  Ravager x2  
  143  10:14  Roach x3  
  145  10:26  Roach x6  
  157  10:32  Overseer  
Tags
 
Add a new tag
Caveats
  • Supply blocks, unpowered buildings, or Contaminate may cause inaccurate times.
  • Supply counts are checked every 10 seconds.